 Dungeon Crawl Stone Soup version 0.17.0-28-g6e173f8 (webtiles) character file.

251 kosdos the Chopper (level 5, -1/48 HPs)
             Began as a Minotaur Berserker on Nov 29, 2015.
             Was a Priest of Trog.
             Slain by a crimson imp (3 damage)
             ... summoned by Eustachio
             ... on level 4 of the Dungeon.
             The game lasted 00:30:37 (2259 turns).

kosdos the Chopper (Minotaur Berserker)             Turns: 2259, Time: 00:30:38

Health: -1/48      AC: 11    Str: 23      XL:     5   Next: 88%
Magic:  4/4        EV:  7    Int:  4      God:    Trog [***...]
Gold:   150        SH:  0    Dex:  8 (9)  Spells: 0 memorised, 4 levels left

rFire  . . .     SeeInvis +     a - +0 hand axe
rCold  . . .     Clarity  .     b - +0 plate armour
rNeg   . . .     SustAt   .     (no shield)
rPois  .         Gourm    .     (helmet restricted)
rElec  .         Spirit   .     (no cloak)
rCorr  .         Warding  .     (no gloves)
rMut   .         Stasis   .     (no boots)
MR     .....                    (no amulet)
Stlth  ..........               h - ring of see invisible
                                (no ring)

@: exhausted, not resistant to hostile enchantments, extremely unstealthy
A: retaliatory headbutt, horns 2
a: Berserk, Trog's Hand, Burn Spellbooks, Renounce Religion


You were on level 4 of the Dungeon.
You worshipped Trog.
Trog was most pleased with you.
You were not hungry.

You visited 1 branch of the dungeon, and saw 4 of its levels.

You collected 150 gold pieces.

Inventory:

Hand Weapons
 a - a +0 hand axe (weapon)
 l - a +2 dagger of flaming
Missiles
 d - 24 sling bullets
 j - 64 stones (quivered)
 o - 8 arrows of frost
 p - 3 tomahawks
 r - 41 arrows
Armour
 b - a +0 plate armour (worn)
Jewellery
 e - an uncursed ring of see invisible
 h - a ring of see invisible (right hand)
 i - a -6 ring of slaying
Wands
 n - a wand of lightning (4)
Scrolls
 g - a scroll of fog
 m - a scroll of recharging
Comestibles
 c - a bread ration
 k - 3 fruits


   Skills:
 + Level 5.0 Fighting
 + Level 5.4 Axes
 + Level 0.6 Throwing
 + Level 3.8 Armour
 + Level 3.4 Dodging
 + Level 0.3 Stealth


You had 4 spell levels left.
You didn't know any spells.

Dungeon Overview and Level Annotations

Branches:
Dungeon (4/15)
 Temple: D:4-7

Altars:
Fedhas
Gozag
Kikubaaqudgha
Ru
Vehumet
Xom
Yredelemnul

Annotations:
D:4 Eustachio


Innate Abilities, Weirdness & Mutations

You reflexively headbutt those who attack you in melee.
You have a pair of horns on your head.


Message History

Eustachio blinks!
The river rat closely misses you. You furiously retaliate!
You headbutt the river rat, but do no damage.
The river rat bites you but does no damage.
Eustachio gestures wildly while chanting.
You remove your -6 ring of slaying.
The river rat bites you.
* * * LOW HITPOINT WARNING * * *
You slash the river rat! You headbutt the river rat.
You kill the river rat!
The river rat's corpse disappears in a puff of smoke!
The bat hits you but does no damage. x2
Eustachio mumbles some strange words.
You hit the bat but do no damage. You headbutt the bat.
You kill the bat!
The bat's corpse disappears in a puff of smoke!
The bat hits you but does no damage.
You closely miss the crimson imp. Your headbutt misses the crimson imp.
You feel yourself speed up. The crimson imp hits you.
You die...

###.### #.##..# #..##.#
###.#.# ###.## ##.##.#
#.#.#.##################
#.##..#......5##.......#
##.####..5..5.##@#####.#
##.# #..####r##5#####<#
##..###..#...b.5rb..##.#
#..........##.##@##.##.#
#.#####..####.##r......#
#.# #.......#####.####
#.# ######### #.†.# ...
###.# ##@ #.#


You could see Eustachio, an iron imp, a crimson imp, a river rat, a bat and a
rat.

Vanquished Creatures
  A giant frog (D:4)
  8 adders
  3 gnolls (D:4)
  2 oozes (D:3)
  2 worms
  8 bats
  A giant cockroach (D:2)
  6 goblins
  7 hobgoblins
  4 jackals (D:3)
  A quokka (D:2)
  2 giant geckos
  A giant newt (D:1)
  10 kobolds
  13 rats
69 creatures vanquished.

Vanquished Creatures (others)
  A human (D:2)
1 creature vanquished.

Grand Total: 70 creatures vanquished

Notes
Turn   | Place    | Note
--------------------------------------------------------------
     0 | D:1      | kosdos the Minotaur Berserker began the quest for the Orb.
     0 | D:1      | Reached XP level 1. HP: 19/19 MP: 0/0
   125 | D:1      | Reached XP level 2. HP: 24/27 MP: 1/1
   338 | D:1      | Reached skill level 4 in Axes
   722 | D:2      | Reached ** piety under Trog
   724 | D:2      | Reached XP level 3. HP: 9/33 MP: 2/2
   883 | D:2      | Reached XP level 4. HP: 10/40 MP: 3/3
  1288 | D:2      | Found an ancient bone altar of Kikubaaqudgha.
  1288 | D:2      | Noticed a human
  1292 | D:2      | Killed a human
  1506 | D:3      | Found a shimmering altar of Xom.
  1588 | D:3      | Reached skill level 5 in Axes
  1640 | D:3      | Reached *** piety under Trog
  1826 | D:3      | Found an opulent altar of Gozag.
  1847 | D:3      | Found a sacrificial altar of Ru.
  1905 | D:3      | Reached XP level 5. HP: 47/47 MP: 4/4
  1921 | D:3      | Found a radiant altar of Vehumet.
  1921 | D:3      | Found a blossoming altar of Fedhas.
  2107 | D:4      | Reached skill level 5 in Fighting
  2184 | D:4      | Found a basalt altar of Yredelemnul.
  2206 | D:4      | Noticed Eustachio
  2256 | D:4      | HP: 1/48 [river rat[Eustachio] (3)]
  2259 | D:4      | Slain by a crimson imp

Action                   |  1- 3 |  4- 6 || total
-------------------------+-------+-------++-------
Melee: Hand axe          |    73 |   183 ||   256
Throw: Stone             |     6 |     7 ||    13
Invok: Berserk           |     2 |     3 ||     5
  Use: Potion            |     2 |     3 ||     5
       Scroll            |       |     6 ||     6
  Eat: Pizza             |     1 |       ||     1
       Chunk             |     1 |     1 ||     2
       Bread ration      |       |     2 ||     2
